 Dungeon Crawl Stone Soup version 0.23-a0-78-gc252fe1 (webtiles) character file.

813 whiterapper the Carver (level 7, -1/58 HPs)
             Began as a Minotaur Gladiator on Aug 10, 2018.
             Killed by divine providence
             ... invoked by an orc priest
              (8 damage)
             ... on level 4 of the Dungeon.
             The game lasted 00:09:54 (3313 turns).

whiterapper the Carver (Minotaur Gladiator)         Turns: 3313, Time: 00:09:54

Health: -1/58      AC:  7    Str: 19    XL:     7   Next: 61%
Magic:  6/6        EV: 12    Int:  5    God:
Gold:   112        SH:  0    Dex: 13    Spells: 6/6 levels left

rFire    . . .     SeeInvis .   a - +0 long sword
rCold    . . .     Gourm    .   (no shield)
rNeg     . . .     Faith    .   o - +0 scale mail
rPois    .         Spirit   .   c - +0 hat
rElec    .         Reflect  .   (no cloak)
rCorr    .         Harm     .   (no gloves)
MR       .....                  (no boots)
Stlth    ..........             (no amulet)
HPRegen  0.19/turn              (no ring)
MPRegen  0.10/turn              (no ring)

@: slowed, very slow
A: retaliatory headbutt, horns 2
a: no special abilities


You were on level 4 of the Dungeon.
You were not hungry.

You visited 1 branch of the dungeon, and saw 4 of its levels.
You also visited: Ossuary.

You collected 112 gold pieces.

Inventory:

Hand Weapons
 a - a +0 long sword (weapon)
Missiles
 d - 3 throwing nets (quivered)
Armour
 b - a +0 leather armour
 c - a +0 hat (worn)
 l - a +0 ring mail
 o - a +0 scale mail (worn)
Scrolls
 e - a scroll of fog {unknown}
 g - 2 scrolls of magic mapping {unknown}
 h - a scroll of remove curse
 k - 2 scrolls of immolation {unknown}
 m - 3 scrolls of teleportation
 p - a scroll of blinking {unknown}
 x - a scroll of noise {unknown}
Potions
 i - 3 potions of invisibility {unknown}
 n - 4 potions of lignification
 q - 7 potions of curing
 r - a potion of might {unknown}
 s - a potion of berserk rage {unknown}
 t - a potion of magic {unknown}
 u - 7 potions of degeneration {unknown}
 v - 2 potions of agility
 w - a potion of mutation {unknown}
Comestibles
 f - 3 rations


   Skills:
 + Level 3.8 Fighting
 * Level 9.0 Long Blades
 - Level 2.0 Throwing
 + Level 4.2 Armour
 + Level 4.2 Dodging


You had 6 spell levels left.
You didn't know any spells.
Your spell library was empty.

Dungeon Overview and Level Annotations

Branches:
Dungeon (4/15)
 Temple: D:4-7

Altars:

Annotations:
D:4 Edmund, Natasha


Innate Abilities, Weirdness & Mutations

You reflexively headbutt those who attack you in melee.
You have a pair of horns on your head.


Message History

You headbutt the orc wizard.
You riposte.
You slash the orc wizard!
You kill the orc wizard!
Your Long Blades skill increases to level 9!
The orc hits you with a club.
Natasha mumbles some strange words.
The orc hits you but does no damage.
The frilled lizard bites you but does no damage.
There is a stone staircase leading down here.
You can't go up here!
The orc closely misses you. The frilled lizard barely misses you.
You riposte.
You closely miss the frilled lizard.
Your headbutt misses the frilled lizard.
The orc priest invokes the aid of Beogh against you.
Beogh smites you!
* * * LOW HITPOINT WARNING * * *
The orc hits you with a club.
* * * LOW HITPOINT WARNING * * *
The orc priest mumbles some strange prayers to Beogh against you.
Beogh smites you!
You die...

#.###.## ####..#...#
#..."#...#
#.#.##..#.#.##
#.#.##..#.##.#######
#.#.##.......oh..oo#
##.#.##.##.##.#####.##
#..(..o..#@#)## #.#.
#....@lo.5.o### #.l.
#..#.##h......## ###o
#...........#..#### #o
#..#.##.#...#.....###.
#..#..#.#...#>.##.....
#.......#...........#.
##.##.###.#.##..###...
#.##.# #.#<..........
####.##.#
#.#.##..####..


You could see Edmund, 2 orc priests, Natasha, a white imp, an orc and a frilled
lizard.

Vanquished Creatures
  Grinder (D:4)
  An ogre (D:4)
  A howler monkey (D:3)
  2 centaur zombies (Ossuary)
  A human zombie (Ossuary)
  An orc priest (D:4)
  A centaur skeleton (D:3)
  Terence (D:2)
  2 orc wizards (D:4)
  A worker ant (D:4)
  A big kobold zombie (Ossuary)
  A hound skeleton (D:2)
  5 mummies (Ossuary)
  6 adders
  4 worms
  2 dart slugs (D:1)
  2 leopard geckos
  14 orcs
  4 giant cockroaches
  A gnoll zombie (Ossuary)
  4 goblins
  3 hobgoblins (D:1)
  7 jackals
  2 quokkas
  A ball python (D:1)
  7 bats
  A frilled lizard (D:1)
  A hobgoblin zombie (Ossuary)
  6 kobolds
  A kobold zombie (Ossuary)
  An orc zombie (Ossuary)
  2 rats
88 creatures vanquished.

Notes
Turn   | Place    | Note
-------+----------+-------------------------------------------
     0 | D:1      | whiterapper the Minotaur Gladiator began the quest for the Orb.
     0 | D:1      | Reached XP level 1. HP: 18/18 MP: 0/0
    97 | D:1      | Reached skill level 4 in Long Blades
   166 | D:1      | Reached XP level 2. HP: 20/25 MP: 1/1
   489 | D:1      | Reached XP level 3. HP: 26/30 MP: 2/2
   795 | D:2      | Reached skill level 5 in Long Blades
   985 | D:2      | Noticed Terence
   996 | D:2      | Killed Terence
   996 | D:2      | Reached skill level 1 in Armour
   996 | D:2      | Reached XP level 4. HP: 30/37 MP: 3/3
  1396 | D:2      | Noticed a sky beast
  1396 | D:2      | Noticed an ogre
  1676 | D:3      | Reached XP level 5. HP: 44/44 MP: 4/4
  1686 | D:3      | Reached skill level 6 in Long Blades
  2176 | D:4      | Noticed Edmund
  2176 | D:4      | Noticed Grinder
  2260 | D:4      | Reached XP level 6. HP: 46/51 MP: 5/5
  2280 | D:4      | Found a sand-covered staircase.
  2306 | D:4      | Reached skill level 7 in Long Blades
  2431 | Ossuary  | Entered an ossuary
  2839 | Ossuary  | Reached skill level 8 in Long Blades
  2839 | Ossuary  | Reached XP level 7. HP: 43/57 MP: 6/6
  3150 | D:4      | Paralysed by Grinder for 2 turns
  3169 | D:4      | Killed Grinder
  3295 | D:4      | Noticed Natasha
  3306 | D:4      | Reached skill level 9 in Long Blades
  3313 | D:4      | Killed from afar by an orc priest

Vault maps used:
D:1:      mushboom_english_gardens, wad_floor_pattern_2
D:2:      first_ration, lightli_corner_chamber, uniq_terence
D:4:      marbit_many_paths, minmay_temple_entry_glassed_door,
          nicolae_ossuary_entry_false_entrances, minmay_misc_feat_five,
          uniq_edmund, uniq_natasha, uniq_grinder
Ossuary:  ossuary_crypta

Skill      XL: |  1  2  3  4  5  6  7 |
---------------+----------------------+-----
Long Blades    | 4 5 6 8 9 |  9.0
Armour         | 1 2 3 4 |  4.2
Fighting       | 3 |  3.8
Dodging        | 4 |  4.2
Throwing       | |  2.0

Action                   |  1- 3 |  4- 6 |  7- 9 || total
-------------------------+-------+-------+-------++-------
Melee: Long sword        |    58 |   154 |    37 ||   249
       Headbutt          |    10 |    29 |     5 ||    44
  Use: Scroll            |       |     4 |     2 ||     6
  Eat: Chunk             |       |     5 |       ||     5
       Ration            |       |       |     1 ||     1
Armor: Leather armour    |    17 |       |       ||    17
       Ring mail         |       |    21 |       ||    21
       Scale mail        |       |    10 |    15 ||    25
Dodge: Dodged            |    41 |    78 |    16 ||   135
       Rpst.: Long sword |    13 |    30 |     3 ||    46

Table legend:
 A = Non-vault XP
 B = Vault XP
 C = Vault XP percentage of total XP
 D = Non-vault monster count
 E = Vault monster count
 F = Vault count percentage of total count
 G = Total turns spent on level
                 A         B        C        D         E       F
            +---------+---------+-------+---------+---------+-------
      Total |     604 |     558 |  48.0 |      73 |      15 |  17.0
            +---------+---------+-------+---------+---------+-------
        D:1 |      51 |       0 |   0.0 |      26 |       0 |   0.0
        D:2 |      85 |      36 |  29.8 |      15 |       1 |   6.2
        D:3 |     176 |       0 |   0.0 |      19 |       0 |   0.0
        D:4 |     292 |     267 |  47.8 |      13 |       1 |   7.1
    Ossuary |       0 |     255 | 100.0 |       0 |      13 | 100.0
            +---------+---------+-------+---------+---------+-------
